 Dungeon Crawl Stone Soup version 0.20.0-7-g3b7b877 (webtiles) character file.

2968 Axe the Covert (level 9, 0/57 HPs)
             Began as a Vampire Ice Elementalist on May 29, 2017.
             Was a Priest of Dithmenos.
             Slain by a wyvern (13 damage)
             ... on level 8 of the Dungeon.
             The game lasted 00:28:27 (8443 turns).

Axe the Covert (Vampire Ice Elementalist)           Turns: 8443, Time: 00:28:27

Health: 0/57       AC: 19    Str:  7    XL:     9   Next: 52%
Magic:  12/14      EV: 15    Int: 21    God:    Dithmenos [***...]
Gold:   98         SH:  0    Dex: 17    Spells: 11/15 levels left

rFire    . . .     SeeInvis +   b - +2 short sword (protect)
rCold    + . .     Gourm    .   (no shield)
rNeg     + + .     Faith    .   c - +3 leather armour
rPois    +         Spirit   .   (no helmet)
rElec    .         Reflect  .   (no cloak)
rCorr    .         Harm     .   (no gloves)
MR       .....                  (no boots)
Stlth    +++++++++.             (no amulet)
Regen    0.1/turn               p - +3 ring of intelligence
MPRegen  0.2/turn               (no ring)

@: icy armour, protection aura, regenerating slowly, wreathed by umbra, slow
A: fangs 3, see invisible, unbreathing
a: Bat Form, Shadow Step, Renounce Religion


You were on level 8 of the Dungeon.
You worshipped Dithmenos.
Dithmenos was most pleased with you.
You were thirsty.

You visited 1 branch of the dungeon, and saw 8 of its levels.

You collected 423 gold pieces.
You spent 325 gold pieces at shops.

Inventory:

Hand Weapons
 a - a +0 dagger
 b - a +2 short sword of protection (weapon)
Missiles
 o - a throwing net
 r - 4 curare-tipped needles
 E - 3 javelins of returning (quivered)
Armour
 c - a +3 leather armour (worn)
 D - a +0 pair of gloves
Jewellery
 p - a +3 ring of intelligence (left hand)
Scrolls
 e - a scroll of immolation {unknown}
 g - a scroll of recharging {unknown}
 h - a scroll of brand weapon
 j - 8 scrolls of identify
 l - 5 scrolls of remove curse
 n - a scroll of amnesia {unknown}
 q - 2 scrolls of teleportation
 u - a scroll of blinking {unknown}
 v - a scroll of noise {unknown}
 w - 2 scrolls of enchant weapon
 x - a scroll of fog {unknown}
 y - a scroll of magic mapping {unknown}
 A - 2 scrolls of fear {unknown}
 F - a scroll of enchant armour {unknown}
Potions
 d - 5 potions of curing
 i - a potion of haste
 k - a potion of flight
 s - a potion of resistance {unknown}
 t - 3 potions of brilliance {unknown}
 z - 2 potions of cancellation {unknown}
 B - 4 potions of blood
 C - a potion of degeneration {unknown}
 G - 2 potions of ambrosia {unknown}
Books
 f - a book of Frost

   Spells                             Type                      Level
   a - Freeze                         Ice                          1
   b - Throw Frost                    Conjuration/Ice              2
   c - Ozocubu's Armour               Charms/Ice                   3
   d - Throw Icicle                   Conjuration/Ice              4
   e - Summon Ice Beast               Ice/Summoning                4
 m - a book of Misfortune

   Spells                             Type                      Level
   a - Confusing Touch                Hexes                        1
   b - Confuse                        Hexes                        3
   c - Gell's Gravitas                Translocation                3
   d - Petrify                        Transmutation/Earth          4
   e - Metabolic Englaciation         Hexes/Ice                    5
   f - Yara's Violent Unravelling     Hexes/Transmutation          5
 H - a book of Changes

   Spells                             Type                      Level
   a - Beastly Appendage              Transmutation                1
   b - Sticks to Snakes               Transmutation                2
   c - Spider Form                    Transmutation/Poison         3
   d - Ice Form                       Ice/Transmutation            4
   e - Blade Hands                    Transmutation                5


   Skills:
 - Level 5.6 Short Blades
 - Level 6.0 Dodging
 * Level 13.9 Stealth
 + Level 3.7 Spellcasting
   Level 0.6 Conjurations
 + Level 3.5 Charms
 + Level 4.3 Ice Magic


You had 11 spell levels left.
You knew the following spells:

 Your Spells              Type           Power        Failure   Level  Hunger
a - Freeze                Ice            ###.         3%          1    None
b - Ozocubu's Armour      Chrm/Ice       ###.....     11%         3    ###....


Dungeon Overview and Level Annotations

Branches:
Dungeon (8/15)             Temple (0/1) D:5
   Lair: D:8-11

Altars:
Cheibriados
Dithmenos
Elyvilon
Fedhas
Kikubaaqudgha
Makhleb
Qazlal
Ru
Sif Muna
Uskayaw
Yredelemnul
The Shining One

Shops:
D:6 :?:*}

Annotations:
D:8 Psyche


Innate Abilities, Weirdness & Mutations

You heal slowly.
You have razor-sharp teeth.
You have supernaturally acute eyesight. (SInv)
You can survive without breathing.


Message History

The wyvern is moderately wounded.
The wyvern bites you but does no damage.
You puncture the wyvern! Your bite misses the wyvern.
The wyvern is heavily wounded.
The wyvern closely misses you.
You hit the wyvern. You bite the wyvern.
You draw the wyvern's blood!
You feel better.
You feel slightly less thirsty.
The wyvern is heavily wounded.
The wyvern misses you.
You hit the wyvern but do no damage.
The wyvern is heavily wounded.
The wyvern bites you.
* * * LOW HITPOINT WARNING * * *
The wyvern bites you!
* * * LOW HITPOINT WARNING * * *
You hit the wyvern. You bite the wyvern.
You draw the wyvern's blood!
You feel better.
You feel slightly less thirsty.
The wyvern is severely wounded.
The wyvern bites you!
You die...

#......##.#........ #
#.#..####.#)......#
#.##.#.......#)##.....
#...%...######.#####.#
#.##.#.## #.#......
#.#.# #.......# #...#
#######)##### ##..#
#.....#.# #@.#
#.....#)# #....l.#
#......)# #####.##
#..)..### ... #.....#
#.# ####### #.# #..
##.


You could see a wyvern.

Vanquished Creatures
  Prince Ribbit (D:8)
  Eustachio (D:4)
  Grum (D:8)
  Duvessa (D:5)
  2 ice beasts
  5 ogres
  4 wolves (D:8)
  Blork the orc (D:5)
  A bullfrog (D:6)
  Dowan (D:5)
  3 scorpions
  3 killer bees (D:4)
  2 crimson imps (D:5)
  5 hounds
  A bullfrog skeleton (D:5)
  4 orc priests
  A jelly (D:6)
  2 iguanas
  7 worker ants
  Natasha (thrice) (D:4)
  2 orc wizards
  2 hound skeletons
  8 adders
  A shadow imp (D:6)
  2 oozes (D:3)
  An adder skeleton (D:4)
  3 worms (D:3)
  4 dart slugs
  2 leopard geckos
  22 orcs
  6 giant cockroaches
  7 goblins
  5 hobgoblins
  4 jackals
  7 kobolds
  6 quokkas
  2 ball pythons
  3 bats
  3 frilled lizards
  A jackal zombie (D:5)
  A leopard gecko zombie (D:5)
  4 rats
145 creatures vanquished.

Notes
Turn   | Place    | Note
-------+----------+-------------------------------------------
     0 | D:1      | Axe the Vampire Ice Elementalist began the quest for the Orb.
     0 | D:1      | Reached XP level 1. HP: 13/13 MP: 3/3
     3 | D:1      | Noticed an electric eel
     3 | D:1      | Noticed an electric eel
   348 | D:1      | Reached skill level 4 in Stealth
   584 | D:1      | Reached XP level 2. HP: 19/19 MP: 3/5
   929 | D:1      | You fall through a shaft!
  1208 | D:2      | Reached XP level 3. HP: 24/24 MP: 6/6
  1246 | D:2      | Reached skill level 1 in Short Blades
  1246 | D:2      | Reached skill level 5 in Stealth
  1739 | D:3      | Found a snail-covered altar of Cheibriados.
  1740 | D:3      | Found a hide-covered altar of Uskayaw.
  1740 | D:3      | Found an ancient bone altar of Kikubaaqudgha.
  1740 | D:3      | Found a burning altar of Makhleb.
  1741 | D:3      | Found a deep blue altar of Sif Muna.
  1742 | D:3      | Found a white marble altar of Elyvilon.
  1742 | D:3      | Found a glowing golden altar of the Shining One.
  1743 | D:3      | Found a shadowy altar of Dithmenos.
  1758 | D:3      | Became a worshipper of Dithmenos the Shadowed
  1771 | D:3      | Learned a level 3 spell: Ozocubu's Armour
  1877 | D:3      | Reached XP level 4. HP: 30/30 MP: 7/7
  2203 | D:3      | Reached skill level 6 in Stealth
  2228 | D:3      | Reached XP level 5. HP: 35/35 MP: 3/8
  2237 | D:3      | Reached * piety under Dithmenos
  2644 | D:4      | Noticed an ogre
  2776 | D:4      | Reached skill level 7 in Stealth
  2960 | D:4      | Noticed Eustachio
  2962 | D:4      | Noticed Natasha
  2979 | D:4      | Killed Eustachio
  2979 | D:4      | Reached skill level 8 in Stealth
  2979 | D:4      | Reached XP level 6. HP: 40/41 MP: 4/9
  3027 | D:4      | Killed Natasha
  3125 | D:4      | Reached skill level 9 in Stealth
  3125 | D:4      | Reached XP level 7. HP: 22/46 MP: 10/10
  3551 | D:4      | Noticed Natasha
  3561 | D:4      | Killed Natasha
  3561 | D:4      | Reached skill level 10 in Stealth
  3684 | D:4      | Noticed Natasha
  3708 | D:4      | Killed Natasha
  3725 | D:5      | Entered Level 5 of the Dungeon
  3827 | D:5      | Reached skill level 5 in Dodging
  3861 | D:5      | Noticed Blork the orc
  3919 | D:5      | Reached ** piety under Dithmenos
  3972 | D:5      | Reached XP level 8. HP: 52/52 MP: 11/11
  4034 | D:5      | Found a staircase to the Ecumenical Temple.
  4190 | D:5      | Reached skill level 5 in Short Blades
  4279 | D:5      | Reached skill level 11 in Stealth
  4450 | D:5      | Killed Blork the orc
  4658 | D:6      | Found a basalt altar of Yredelemnul.
  4716 | D:6      | Found a blossoming altar of Fedhas.
  4726 | D:6      | Found a stormy altar of Qazlal.
  4735 | D:6      | Found Xomiagaf's Gadget Shop.
  4737 | D:6      | Noticed Prince Ribbit
  4777 | D:6      | Found a sacrificial altar of Ru.
  5239 | D:6      | Found Voefi's Magic Scroll Shoppe.
  5441 | D:6      | Bought a scroll of identify for 20 gold pieces
  5441 | D:6      | Bought a scroll of enchant weapon for 75 gold pieces
  5441 | D:6      | Bought a scroll of brand weapon for 200 gold pieces
  5441 | D:6      | Bought a scroll of remove curse for 30 gold pieces
  5447 | D:6      | Found Wiupp's General Store.
  5481 | D:6      | Reached skill level 12 in Stealth
  5580 | D:6      | Noticed Dowan
  5588 | D:6      | Noticed Duvessa
  5815 | D:5      | Killed Duvessa
  5815 | D:5      | Reached skill level 1 in Charms
  5825 | D:5      | Killed Dowan
  5963 | D:6      | Found Leajeli's Book Boutique.
  5974 | D:6      | Found Keredem's Book Boutique.
  6791 | D:8      | Reached XP level 9. HP: 57/57 MP: 12/12
  6850 | D:8      | Noticed Grum
  6874 | D:8      | Reached *** piety under Dithmenos
  6893 | D:8      | Reached skill level 13 in Stealth
  7034 | D:8      | Killed Grum
  7622 | D:8      | Noticed Psyche
  7651 | D:8      | Killed Prince Ribbit
  8443 | D:8      | Slain by a wyvern

Skill      XL: |  1  2  3  4  5  6  7  8  9 |
---------------+----------------------------+-----
Stealth        | 4 5 6 8 9 10 12 13 | 13.9
Short Blades   | 1 2 3 4 5 |  5.6
Dodging        | 3 4 5 6 |  6.0
Charms         | 1 3 |  3.5
Spellcasting   | 3 |  3.7
Ice Magic      | 4 |  4.3
Conjurations   | |  0.6

Action                   |  1- 3 |  4- 6 |  7- 9 || total
-------------------------+-------+-------+-------++-------
Melee: Unarmed           |    12 |       |       ||    12
       Bite              |    10 |     9 |    42 ||    61
       Short sword       |    79 |   116 |   392 ||   587
       Dagger            |       |       |    38 ||    38
Throw: Javelin           |       |     1 |    11 ||    12
       Throwing net      |       |       |     2 ||     2
 Cast: Freeze            |    16 |    18 |    85 ||   119
       Ozocubu's Armour  |       |       |     8 ||     8
  Use: Potion            |       |     1 |     3 ||     4
       Scroll            |       |       |     1 ||     1
 Stab: Sleeping          |     8 |    12 |    25 ||    45
       Distracted        |     1 |       |     1 ||     2
  Eat: Corpse            |     6 |    11 |     9 ||    26
Armor: Robe              |    10 |       |       ||    10
       Leather armour    |    20 |    31 |   106 ||   157
Dodge: Dodged            |    66 |    75 |   346 ||   487
